 Dungeon Crawl Stone Soup version 0.31-a0-836-g3ceb0a68c4 (webtiles) character file.

Game seed: 7152320177961265226

210870 Kurtz the Peltast (level 19, -1/214 HPs)
             Began as an Octopode Fighter on Sept 26, 2023.
             Was the Champion of Qazlal.
             Slain by the 22-headed Lernaean hydra (12 damage)
             ... on level 4 of the Swamp.
             The game lasted 00:53:46 (38793 turns).

Kurtz the Peltast (Octopode Fighter)               Turns: 38793, Time: 00:53:47

Health: -1/214     AC: 10    Str: 27    XL:     19   Next: 28%
Magic:  0/24       EV: 26    Int: 11    God:    Qazlal [******]
Gold:   1736       SH: 25    Dex: 24    Spells: 21/24 levels left

rFire   . . .        J - +3 broad axe (flame)
rCold   . . .        K - +0 kite shield
rNeg    . . .        P - +2 hat
rPois   +            Q - amulet of Cicikyn {Spirit Rampage Str+2}
rElec   .            r - ring of flight
rCorr   .            I - +4 ring of protection
SInv    .            a - ring of willpower
Will    ++...        Y - ring of protection from fire Stlth
                     q - ring "Miozxyocw" {Ice Dex+3}
HPRegen 0.55/turn    T - ring of Creativity {+Blink rPois rF- Dex+6}
MPRegen 0.19/turn    f - ring "Tidibeo" {Fire Slay+6}
                     X - +6 ring of strength

%: repel missiles, guardian spirit, rampage
@: berserking, protected from physical damage, flying, hasted, invisible, very
quick
A: almost no armour, amphibious, 8 rings, camouflage 1, gelatinous body 1,
nimble swimmer 1, tentacles, low MP 1
a: Renounce Religion, Evoke Blink, Upheaval, Elemental Force, Disaster Area


You were on level 4 of the Swamp.
You worshipped Qazlal.
Qazlal was exalted by your worship.
You visited 6 branches of the dungeon, and saw 30 of its levels.
You also visited: Sewer and Ice Cave.

You collected 4154 gold pieces.
You spent 2418 gold pieces at shops.

Inventory:

Hand Weapons
 J - a +3 broad axe of flaming (weapon)
 S - a +2 broad axe of electrocution
Missiles
 t - 11 boomerangs
 x - 23 poisoned darts (quivered)
 A - 9 datura-tipped darts
 M - 3 curare-tipped darts
Armour
 o - a +1 buckler of protection
 K - a +0 kite shield (worn)
 P - a +2 hat (worn)
Jewellery
 a - a ring of willpower (on tentacle)
 f - the ring "Tidibeo" (on tentacle) {Fire Slay+6}
   (You acquired it on level 1 of the Elven Halls)

   [ring of fire]

   Fire:      It enhances your fire magic.
   Slay+6:    It affects your accuracy & damage with ranged weapons and melee
   (+6).
   rF+:       It protects you from fire.
   rC-:       It makes you vulnerable to cold.
 q - the ring "Miozxyocw" (on tentacle) {Ice Dex+3}
   (You bought it in a shop on level 2 of the Elven Halls)

   [ring of ice]

   Ice:       It enhances your ice magic.
   Dex+3:     It affects your dexterity (+3).
   rF-:       It makes you vulnerable to fire.
   rC+:       It protects you from cold.
 r - a ring of flight (left tentacle)
 u - a ring of protection from fire
 I - a +4 ring of protection (right tentacle)
 Q - the amulet of Cicikyn (around mantle) {Spirit Rampage Str+2}
   (You found it on level 10 of the Dungeon)

   [amulet of guardian spirit]

   Spirit:    It causes incoming damage to be divided between your reserves of
   health and magic.
   Str+2:     It affects your strength (+2).
   Rampage:   It bestows one free step when moving towards enemies.
 T - the ring of Creativity (on tentacle) {+Blink rPois rF- Dex+6}
   (You bought it in a shop on level 2 of the Elven Halls)

   [ring of dexterity]

   Dex+6:     It affects your dexterity (+6).
   rF-:       It makes you vulnerable to fire.
   rPois:     It protects you from poison +Blink: It lets you blink.
 U - a ring of positive energy
 X - a +6 ring of strength (on tentacle)
 Y - a ring of protection from fire (on tentacle)
Wands
 d - a wand of digging (12)
 B - a wand of paralysis (10)
 L - a wand of flame (75)
 R - a wand of roots (13)
 V - a wand of mindburst (19)
 W - a wand of light (26)
Scrolls
 b - a scroll of silence
 e - 2 scrolls of blinking
 g - 5 scrolls of enchant armour
 h - 7 scrolls of revelation
 k - 4 scrolls of brand weapon
 y - 8 scrolls of poison
 D - 9 scrolls of teleportation
 E - 3 scrolls of fog
 G - 2 scrolls of summoning
 H - 6 scrolls of vulnerability
 O - 2 scrolls of fear
Potions
 c - 2 potions of might
 i - 15 potions of curing
 j - 4 potions of attraction
 m - 4 potions of cancellation
 n - 9 potions of brilliance
 p - 3 potions of lignification
 s - 6 potions of mutation
 v - a potion of resistance
 w - 3 potions of ambrosia
 z - 6 potions of enlightenment
 C - 2 potions of magic
 F - 3 potions of haste
 N - 3 potions of berserk rage
 Z - 5 potions of heal wounds


   Skills:
 * Level 16.6 Fighting
 - Level 18.0 Axes
 * Level 15.3 Dodging
 + Level 5.4 Stealth
 * Level 19.0 Shields
 - Level 3.1 Spellcasting
 - Level 3.3 Ice Magic
 * Level 10.7 Invocations


You had 21 spell levels left.
You knew the following spells:

 Your Spells              Type           Power      Damage    Failure   Level
a - Ozocubu's Armour      Ice            13%        N/A       26%         3

Your spell library contained the following spells:

 Spells                   Type           Power      Damage    Failure   Level
 Ensorcelled Hibernation  Hex/Ice        16%        N/A       26%         2
 Frozen Ramparts          Ice            26%        1d4       26%         3
 Foxfire                  Conj/Fire      8%         2x1d4     32%         1
 Kiss of Death            Conj/Necr      4%         2d5       32%         1
 Magic Dart               Conj           4%         1d3       32%         1
 Summon Small Mammal      Summ           4%         N/A       32%         1
 Call Imp                 Summ           2%         N/A       45%         2
 Cigotuvi's Dreadful Rot  Necr/Pois/Air  2%         N/A       45%         2
 Call Canine Familiar     Summ           1%         N/A       69%         3
 Confusing Touch          Hex            1%         N/A       69%         3
 Dazzling Flash           Conj/Hex       2%         N/A       69%         3
 Gell's Gravitas          Tloc           1%         N/A       69%         3
 Ignite Poison            Fire/Tmut/Pois 2%         N/A       69%         3
 Mephitic Cloud           Conj/Pois/Air  1%         N/A       69%         3
 Sigil of Binding         Hex            1%         N/A       69%         3
 Summon Guardian Golem    Hex/Summ       1%         N/A       69%         3
 Teleport Other           Tloc           1%         N/A       69%         3
 Tukima's Dance           Hex            1%         N/A       69%         3
 Volatile Blastmotes      Fire/Tloc      4%         2d10      69%         3
 Dimensional Bullseye     Hex/Tloc       0%         N/A       97%         4
 Dispel Undead            Necr           1%         3d6       97%         4
 Iskenderun's Mystic Bla  Conj/Tloc      1%         2d3       97%         4
 Leda's Liquefaction      Hex/Erth       0%         N/A       97%         4
 Petrify                  Tmut/Erth      1%         N/A       97%         4
 Summon Lightning Spire   Summ/Air       1%         N/A       97%         4
 Freezing Cloud           Conj/Ice/Air   3%         6-21      99%         5
 Metabolic Englaciation   Hex/Ice        4%         N/A       99%         5
 Agony                    Necr           1%         N/A       100%        5
 Lee's Rapid Deconstruct  Erth           0%         3d4*      100%        5
 Silence                  Hex/Air        0%         N/A       100%        5
 Summon Forest            Summ/Tloc      0%         N/A       100%        5
 Bombard                  Conj/Erth      0%         9d1       100%        6
 Death Channel            Necr           0%         N/A       100%        6
 Dispersal                Tloc           0%         N/A       100%        6
 Eringya's Noxious Bog    Tmut/Pois      0%         4d6       100%        6
 Plasma Beam              Fire/Air       1%         2x1d11    100%        6
 Simulacrum               Ice/Necr       4%         N/A       100%        6
 Starburst                Conj/Fire      1%         6d3       100%        6
 Haunt                    Necr/Summ      0%         N/A       100%        7
 Malign Gateway           Summ/Tloc      0%         N/A       100%        7
 Orb of Destruction       Conj           0%         9d5       100%        7
 Ozocubu's Refrigeration  Ice            6%         4d8       100%        7
 Spellforged Servitor     Conj/Summ      0%         N/A       100%        7
 Summon Hydra             Summ           0%         N/A       100%        7
 Borgnjor's Revivificati  Necr           0%         N/A       100%        8
 Maxwell's Capacitive Co  Air            0%         ∞         100%        8
 Death's Door             Necr           0%         N/A       100%        9
 Animate Armour           Summ/Erth      Unusable   N/A       N/A         4

Dungeon Overview and Level Annotations

Branches:
Dungeon (15/15)            Temple (0/1) D:6            Lair (5/5) D:11
  Swamp (4/4) Lair:3       Spider (0/4) Lair:3        Slime (1/5) Lair:4
    Orc (2/2) D:12            Elf (3/3) Orc:2        Vaults (0/5) D:13
 Depths (0/4) D:15          Sewer (visited)           IceCv (visited)

Altars:
Ashenzari
Elyvilon
Fedhas
Gozag
Okawaru
Qazlal
Ru
Wu Jian
Yredelemnul
Jiyva

Shops:
D:13 [   Orc:2 (((!   Elf:1 *   Elf:2 =

Portals:
Trove: D:10 (give 4 scrolls of blinking)

Annotations:
D:2 exclusion: downstairs
Lair:1 3 runed translucent doors, beavisfan's ghost, journeyman DsEE
Swamp:4 Lernaean hydra


Innate Abilities, Weirdness & Mutations

You cannot wear most types of armour.
You are amphibious.
You can wear up to eight rings at the same time.
Your skin changes colour to match your surroundings (Stealth+).
Your rubbery body absorbs attacks. (AC +1, EV +1)
You are camouflaged when in or above water. (Stealth+)
You have tentacles for arms and can constrict up to eight enemies at once.
Your magical capacity is low. (-10% MP)


Message History

The 24-headed Lernaean hydra bites you but does no damage.
You block the 24-headed Lernaean hydra's attack.
The 24-headed Lernaean hydra bites you!
* * * LOW HITPOINT WARNING * * *
The 24-headed Lernaean hydra bites you but does no damage.
Unknown command.
Unknown command.
Unknown command.
You catch the helpless 24-headed Lernaean hydra completely off-guard!
You slice one of the 24-headed Lernaean hydra's heads off!
The flame cauterises the wound!
You slice the 23-headed Lernaean hydra!!
You burn the 23-headed Lernaean hydra!
You squeeze the 23-headed Lernaean hydra!
The 23-headed Lernaean hydra is severely wounded.
You lop one of the 23-headed Lernaean hydra's heads off!
The flame cauterises the wound!
You slash the 22-headed Lernaean hydra! You burn the 22-headed Lernaean hydra.
You squeeze the 22-headed Lernaean hydra!
The 22-headed Lernaean hydra is almost dead.
The swamp drake roars!
The 22-headed Lernaean hydra bites you but does no damage.
The 22-headed Lernaean hydra completely misses you.
The 22-headed Lernaean hydra bites you.
* * * LOW HITPOINT WARNING * * *
You block the 22-headed Lernaean hydra's attack. x3
The 22-headed Lernaean hydra closely misses you.
The 22-headed Lernaean hydra bites you but does no damage. x2
The 22-headed Lernaean hydra completely misses you.
The 22-headed Lernaean hydra bites you!
* * * LOW HITPOINT WARNING * * *
You block the 22-headed Lernaean hydra's attack. x2
The 22-headed Lernaean hydra completely misses you.
The 22-headed Lernaean hydra bites you.
* * * LOW HITPOINT WARNING * * *
You feel more protected from physical attacks.
The 22-headed Lernaean hydra barely misses you.
The 22-headed Lernaean hydra completely misses you.
The 22-headed Lernaean hydra bites you!
You die...

§♣ ♣..~~.♣♣♣♣♣...†~~~..♣♣
~~♣ ♣~..~~...♣♣♣~.♣~~~.~♣
..§♣♣~..~~~~~.~.~.♣.~~~♣♣♣
.~~~~~~~~~§~~.~..♣♣♣♣~♣♣~♣♣♣
.~~~~~~~~~~~~~♣♣♣♣ ♣♣.~.♣.~
~~~~~~~~~~~.~.♣♣ ♣.~.♣~~
.~~~~~~~.~.§...♣♣♣♣♣♣♣.~~.~†
~...~~~~.~.○D°k..~~~~.~○~.☼.
.~~..~~~<.~@[D°°°..~~~~~~~~~
~~~..~~~~~§~~☼~~.♣.~~~~°○§..
~.~~~~~~~°~°○~~~~...~.♣.~°..
...~~~~~....~~~~....♣♣♣~~...
....~~........~~~♣♣♣♣ ♣♣♣♣♣~
....~~~~~~~~....♣♣ ~.~
♣♣~..~~~~~~~)§♣♣.~ ~.~
♣♣♣§.~~~~~~~~~ ~. .~ .


You could see the 22-headed Lernaean hydra (unable to see you), a swamp dragon
(unable to see you) and a swamp drake (wandering, unable to see you).

Vanquished Creatures
  A tentacled monstrosity (Swamp:1)
  Jorgrun (Orc:2)
  Rupert (Lair:3)
  A deep elf blademaster (Elf:3)
  A deep elf master archer (Elf:3)
  Kirke (Lair:3)
  A thorn hunter (Swamp:1)
  A fenstrider witch (Swamp:3)
  7 deep elf sorcerers (Elf:3)
  3 deep elf elementalists (Elf:3)
  A very ugly thing (D:14)
  10 deep elf annihilators (Elf:3)
  3 deep elf demonologists (Elf:3)
  11 eleionomae
  5 bunyips
  2 dire elephants
  3 deep elf death magi (Elf:3)
  An ettin (Orc:2)
  Josephine (Orc:1)
  4 deep elf high priests (Elf:3)
  A shambling mangrove (Swamp:3)
  3 vault guards
  Erolcha (D:11)
  A ghost crab (Swamp:1)
  A great orb of eyes (D:15)
  Fannar (D:10)
  21 hydras
  A rakshasa (D:14)
  A catoblepas (Lair:5)
  2 ogre magi
  A death knight (D:13)
  5 centaur warriors
  Erica (D:11)
  3 ironbound frosthearts
  15 two-headed ogres
  A boulder beetle (D:15)
  13 alligators
  9 death yaks
  An orc high priest (Elf:2)
  A deep troll shaman (Lair:5)
  22 dancing weapons
  13 deep elf knights
  A skeletal warrior (D:13)
  A goliath frog (Swamp:1)
  A death drake (shapeshifter) (Elf:3)
  2 deep trolls (Orc:2)
  3 spriggan druids
  8 swamp dragons
  6 bog bodies
  9 deep elf archers
  An obsidian statue (Lair:3)
  A wolf spider (D:15)
  23 deep elf pyromancers
  21 deep elf zephyrmancers
  2 orc sorcerers
  3 orc knights
  A salamander (shapeshifter) (D:13)
  15 ugly things
  4 manticores
  5 will-o-the-wisps
  15 elephants
  10 cyclopes
  An ice statue (IceCv)
  A torpor snail (Lair:1)
  5 black mambas
  8 cane toads
  3 gargoyles
  2 unseen horrors
  5 rime drakes
  A kobold demonologist (D:12)
  Maggie (D:7)
  2 tengu conjurers (D:15)
  7 komodo dragons
  An efreet (D:13)
  5 yaktaurs (D:15)
  3 freezing wraiths (D:12)
  A bloated husk (Swamp:2)
  13 polar bears
  13 trolls
  A tarantella (shapeshifter) (D:14)
  10 tyrant leeches
  6 hornets
  21 blink frogs
  5 dream sheep (Lair:5)
  7 wyverns
  An air elemental (Elf:3)
  11 slime creatures (D:12)
  5 water elementals
  10 spriggans
  A vampire (D:11)
  A human (D:13)
  A basilisk (shapeshifter) (D:13)
  Eustachio (D:4)
  78 yaks
  12 wraiths
  2 hogs (Lair:3)
  3 fire elementals
  3 basilisks
  3 steam dragons
  3 redbacks (Lair:3)
  3 vampire mosquitoes
  9 swamp worms
  4 wargs
  14 water moccasins
  An acid dragon (D:10)
  19 orc warriors
  6 black bears
  5 swamp drakes
  2 sky beasts
  2 ice beasts
  32 wolves
  3 boggarts (D:15)
  30 ogres
  A phantom (D:5)
  10 centaurs
  11 bullfrogs
  2 kobold brigands
  4 scorpions
  3 earth elementals
  2 gnoll sergeants
  13 wights
  7 howler monkeys
  3 electric eels (Lair:3)
  15 orc priests
  2 hounds
  3 jellies
  3 iguanas
  13 orc wizards
  Robin (D:2)
  11 gnolls
  13 adders
  5 river rats (Sewer)
  13 white imps
  A worm (D:3)
  A dart slug (D:3)
  57 orcs
  24 ball pythons
  8 bats
  7 endoplasms
  5 giant cockroaches
  13 goblins
  11 hobgoblins
  7 jackals (D:1)
  12 kobolds
  9 quokkas
  4 frilled lizards
  50 rats
1040 creatures vanquished.

Vanquished Creatures (collateral kills)
  A bunyip (Swamp:1)
  Snorg (Lair:5)
  A dancing weapon (Elf:2)
  An alligator (Swamp:1)
  A deep elf knight (Elf:2)
5 creatures vanquished.

Vanquished Creatures (others)
  A deep elf blademaster (Elf:2)
  An ogre mage (Orc:2)
  A goliath frog (Swamp:1)
  A bloated husk (Swamp:1)
  A human (Swamp:1)
  16 foxfires
21 creatures vanquished.

Grand Total: 1066 creatures vanquished

Notes
Turn   | Place    | Note
-------+----------+-------------------------------------------
     0 | D:1      | Kurtz the Octopode Fighter began the quest for the Orb.
     0 | D:1      | Reached XP level 1. HP: 16/16 MP: 1/1
   120 | D:1      | Reached XP level 2. HP: 20/21 MP: 2/2
   346 | D:1      | Reached XP level 3. HP: 25/26 MP: 3/3
  1154 | D:2      | Noticed Robin
  1163 | D:2      | Killed Robin
  1165 | D:2      | Reached XP level 4. HP: 30/31 MP: 4/4
  1696 | D:2      | Reached skill level 5 in Axes
  1696 | D:2      | Reached XP level 5. HP: 36/36 MP: 5/5
  2227 | D:3      | HP: 1/36 [gnoll/+0 halberd (10)]
  2543 | D:3      | Identified the +6 short sword of Tudumov {flame, Str+3}
  2874 | D:3      | Reached XP level 6. HP: 26/42 MP: 6/6
  3330 | D:4      | Noticed Eustachio
  3340 | D:4      | Killed Eustachio
  3341 | D:4      | Reached XP level 7. HP: 22/46 MP: 7/7
  3439 | D:4      | Found a stormy altar of Qazlal.
  3681 | D:4      | Became a worshipper of Qazlal Stormbringer
  3929 | D:4      | Found an ornate altar of the Wu Jian Council.
  4073 | D:5      | Entered Level 5 of the Dungeon
  4175 | D:5      | Identified the +0 short sword "Buiw" {venom, rElec Will+
                  | Str+6 SInv}
  4458 | D:5      | Reached skill level 1 in Invocations
  4672 | D:5      | Reached XP level 8. HP: 13/52 MP: 8/8
  5233 | D:6      | Found a glowing drain.
  5255 | Sewer    | Entered a sewer
  5424 | Sewer    | Reached * piety under Qazlal
  5545 | Sewer    | Reached ** piety under Qazlal
  5649 | Sewer    | Reached skill level 10 in Axes
  6184 | D:6      | Reached XP level 9. HP: 58/58 MP: 9/11
  6856 | D:6      | Found a staircase to the Ecumenical Temple.
  7573 | D:7      | Noticed Maggie
  7637 | D:8      | Found a blossoming altar of Fedhas.
  7700 | D:8      | Noticed a two-headed ogre
  7725 | D:8      | Killed a two-headed ogre
  8010 | D:7      | Found an iron altar of Okawaru.
  8318 | D:7      | Killed Maggie
  8319 | D:7      | Reached skill level 5 in Fighting
  8319 | D:7      | Reached skill level 5 in Dodging
  8319 | D:7      | Reached XP level 10. HP: 46/66 MP: 6/13
  9819 | D:9      | Reached *** piety under Qazlal
 10032 | D:9      | Reached XP level 11. HP: 71/71 MP: 14/14
 10351 | D:9      | Found a basalt altar of Yredelemnul.
 10413 | D:9      | Reached skill level 15 in Axes
 10446 | D:9      | Reached skill level 4 in Shields
 11174 | D:10     | Entered Level 10 of the Dungeon
 11374 | D:10     | Identified the amulet of Cicikyn {Spirit Rampage Str+2}
 11461 | D:10     | Noticed Fannar
 11479 | D:10     | Killed Fannar
 11625 | D:10     | Reached skill level 5 in Shields
 11764 | D:10     | Reached **** piety under Qazlal
 11876 | D:10     | Noticed a vault guard
 11885 | D:10     | Killed a vault guard
 11963 | D:10     | Found a portal to a secret trove of treasure.
 12311 | D:11     | Found a sacrificial altar of Ru.
 12513 | D:11     | Noticed a cyclops
 12521 | D:11     | Killed a cyclops
 12522 | D:11     | Reached XP level 12. HP: 77/77 MP: 15/15
 12626 | D:11     | Found a staircase to the Lair.
 12685 | D:11     | Noticed a two-headed ogre
 12694 | D:11     | Killed a two-headed ogre
 12701 | D:11     | Noticed Erica
 12703 | D:11     | Reached skill level 6 in Shields
 12705 | D:11     | Killed Erica
 12891 | D:11     | Noticed Erolcha
 12893 | D:11     | Killed Erolcha
 13370 | D:12     | Found a staircase to the Orcish Mines.
 14603 | D:13     | Found Ilomah's Armour Emporium.
 14880 | D:13     | Noticed a sun demon
 14971 | D:13     | Gained mutation: Your magical capacity is low. (-10% MP) [a
                  | neqoxec]
 14978 | D:12     | Reached skill level 7 in Shields
 14988 | D:13     | Noticed a death knight
 15265 | D:13     | Killed a death knight
 15266 | D:13     | Reached XP level 13. HP: 33/83 MP: 6/14
 15529 | D:13     | Noticed a vault guard
 15534 | D:13     | Noticed a vault guard
 15538 | D:13     | Killed a vault guard
 15544 | D:13     | Killed a vault guard
 15774 | D:13     | Reached skill level 8 in Shields
 15941 | D:13     | Bought a +2 hat for 256 gold pieces
 16011 | Lair:1   | Entered Level 1 of the Lair of Beasts
 16040 | Lair:1   | Found a frozen archway.
 16049 | Lair:1   | Reached ***** piety under Qazlal
 16065 | IceCv    | Entered an ice cave
 16502 | IceCv    | Reached skill level 9 in Shields
 16753 | IceCv    | Learned a level 3 spell: Ozocubu's Armour
 16979 | IceCv    | Reached XP level 14. HP: 93/94 MP: 13/15
 17064 | IceCv    | Got a torn book
 17215 | Lair:1   | Found a basalt altar of Yredelemnul.
 17511 | Lair:1   | Reached skill level 10 in Dodging
 17552 | Lair:1   | Found a runed translucent gate.
 17575 | Lair:1   | Reached skill level 1 in Ice Magic
 17575 | Lair:1   | Reached skill level 5 in Invocations
 17580 | Lair:1   | Reached skill level 1 in Spellcasting
 18037 | Lair:1   | Found a runed translucent gate.
 18037 | Lair:1   | Found a runed translucent gate.
 18038 | Lair:1   | Noticed beavisfan's ghost (journeyman DsEE)
 19164 | Lair:2   | Reached ****** piety under Qazlal
 19327 | Lair:2   | Found a white marble altar of Elyvilon.
 19653 | Lair:3   | Reached skill level 10 in Shields
 19863 | Lair:3   | Found a hole to the Spider Nest.
 20189 | Lair:3   | Noticed Rupert
 20210 | Lair:3   | HP: 2/98 [Rupert/+1 battleaxe of electrocution (20)]
 20239 | Lair:3   | Killed Rupert
 20842 | Lair:3   | Found a staircase to the Swamp.
 21226 | Lair:4   | Reached skill level 10 in Fighting
 21585 | Lair:4   | Found a staircase to the Slime Pits.
 21585 | Lair:4   | Found a viscous altar of Jiyva.
 22315 | Lair:5   | Entered Level 5 of the Lair of Beasts
 22329 | Lair:5   | Reached skill level 1 in Stealth
 22357 | Lair:5   | Reached XP level 15. HP: 26/104 MP: 4/17
 22368 | Lair:5   | Reached skill level 11 in Shields
 22650 | Lair:5   | Noticed Snorg
 22880 | Slime:1  | Entered Level 1 of the Pits of Slime
 22908 | Lair:5   | Killed Snorg
 23105 | Lair:5   | Identified the +6 dagger "Xyqaonae" {flame, rPois rCorr}
 23818 | Lair:5   | Reached skill level 12 in Shields
 24500 | D:13     | Found an opulent altar of Gozag.
 24613 | D:13     | Found a gate to the Vaults.
 25284 | D:14     | Reached skill level 13 in Shields
 25741 | D:14     | Found a broken altar of Ashenzari.
 25769 | D:15     | Entered Level 15 of the Dungeon
 25814 | D:15     | Reached XP level 16. HP: 101/114 MP: 16/19
 26136 | D:15     | Reached skill level 14 in Shields
 26762 | D:15     | Found a staircase to the Depths.
 27058 | Orc:1    | Entered Level 1 of the Orcish Mines
 27354 | Orc:2    | Entered Level 2 of the Orcish Mines
 27354 | Orc:2    | Found Adeefehe's Antique Weapon Boutique.
 27354 | Orc:2    | Found Juddimp's Distillery.
 27368 | Orc:2    | Reached skill level 15 in Shields
 27383 | Orc:1    | Noticed Josephine
 27388 | Orc:1    | Killed Josephine
 27666 | Orc:2    | Noticed Jorgrun
 27700 | Orc:2    | Killed Jorgrun
 27806 | Orc:2    | Found Qusyint's Antique Weapon Boutique.
 27819 | Orc:2    | Found Ceuz's Antique Weapon Shop.
 27826 | Orc:2    | Found a staircase to the Elven Halls.
 27845 | Orc:2    | Bought a potion of enlightenment for 65 gold pieces
 27845 | Orc:2    | Bought a potion of heal wounds for 65 gold pieces
 27845 | Orc:2    | Bought a potion of heal wounds for 65 gold pieces
 27845 | Orc:2    | Bought a potion of berserk rage for 65 gold pieces
 27845 | Orc:2    | Bought 2 potions of curing for 78 gold pieces
 28257 | Orc:2    | Bought a potion of curing for 39 gold pieces
 28257 | Orc:2    | Bought a potion of curing for 39 gold pieces
 28257 | Orc:2    | Bought a potion of curing for 39 gold pieces
 28623 | Elf:1    | Entered Level 1 of the Elven Halls
 28627 | Elf:1    | Identified a scroll of acquirement
 28628 | Elf:1    | Acquired the ring "Tidibeo" {Fire Slay+6}
 28889 | Elf:1    | Reached skill level 16 in Shields
 28940 | Elf:1    | Found Ucay's General Store.
 28946 | Elf:1    | Bought a potion of berserk rage for 65 gold pieces
 28946 | Elf:1    | Bought 2 potions of brilliance for 104 gold pieces
 29795 | Elf:2    | Reached XP level 17. HP: 123/123 MP: 20/20
 30752 | Elf:2    | Found Sehimmooxt's Jewellery Shop.
 30760 | Elf:2    | Bought the ring of Creativity {+Blink rPois rF- Dex+6} for
                  | 849 gold pieces
 30760 | Elf:2    | Bought the ring "Miozxyocw" {Ice Dex+3} for 689 gold pieces
 30901 | Elf:2    | Identified the +3 falchion of the Final Chapter {freeze,
                  | rCorr Str+7}
 31098 | Elf:2    | Found a runed translucent gate.
 31099 | Elf:2    | Found a runed translucent gate.
 31099 | Elf:2    | Found a runed translucent gate.
 31447 | Elf:2    | Noticed a deep elf blademaster
 31452 | Elf:2    | Killed a deep elf blademaster
 31453 | Elf:2    | Reached skill level 17 in Shields
 31858 | Elf:3    | Entered Level 3 of the Elven Halls
 31974 | Elf:3    | Identified the +0 scale mail "Narixeh" {Str+7 Int+7 Stlth-}
 32005 | Elf:3    | Paralysed by an air elemental for 1 turns
 32559 | Elf:3    | Reached skill level 5 in Stealth
 32683 | Elf:3    | Noticed a deep elf blademaster
 32694 | Elf:3    | Killed a deep elf blademaster
 33231 | Elf:3    | Reached XP level 18. HP: 133/133 MP: 22/22
 33334 | Elf:3    | Reached skill level 15 in Fighting
 33439 | Elf:3    | Identified the +11 scimitar of Demand {freeze, Contam rElec
                  | rC+ Int+2}
 34240 | Elf:3    | Noticed a deep elf master archer
 34261 | Elf:3    | Killed a deep elf master archer
 35100 | Elf:3    | Got an innocuous book
 35146 | Elf:3    | Got a quivering book
 35151 | Elf:3    | Identified the +0 chain mail of Lugonu {Dex+3}
 35160 | Elf:3    | Identified the +1 rapier of Valour {vamp, Fragile rF+ rC+
                  | rCorr}
 35232 | Elf:3    | Identified the staff "Laemug" {Str+3 Conj}
 35503 | Swamp:1  | Entered Level 1 of the Swamp
 35510 | Swamp:1  | Noticed Kirke
 35572 | Lair:3   | Killed Kirke
 35573 | Lair:3   | Reached skill level 10 in Invocations
 35993 | Swamp:1  | Reached skill level 18 in Shields
 36489 | Swamp:1  | Noticed a tentacled monstrosity
 36510 | Swamp:1  | Killed a tentacled monstrosity
 37248 | Swamp:2  | Reached skill level 15 in Dodging
 37797 | Swamp:3  | Reached XP level 19. HP: 77/141 MP: 12/24
 38332 | Swamp:4  | Entered Level 4 of the Swamp
 38599 | Swamp:4  | Reached skill level 19 in Shields
 38781 | Swamp:4  | Noticed the 27-headed Lernaean hydra
 38793 | Swamp:4  | Slain by the 22-headed Lernaean hydra

Illustrated notes

Levels and vault maps discovered:
D:1:      evilmike_arrival_fibonacci_small, layout_loops_ring
D:2:      layout_basic, minmay_rat_hole, uniq_robin
D:3:      kennysheep_six_static_rooms, layout_loops_ring, small_statue_alley_b,
          patterned_corridor
D:4:      layout_cave_pools, mainiacjoe_overflow_cross_hatched,
          kennysheep_little_box, chequers_serial_rivers_room_a, uniq_eustachio
D:5:      layout_gridville, chequers_avenue
D:6:      layout_basic, minmay_temple_entry_fiery, portal_sewer_entry_f
D:7:      layout_basic, general_overflow_altar, grunt_ministairs_13, uniq_maggie
D:8:      layout_loops_ring, lemuel_coloured_pillars_altar
D:9:      layout_loops_corners, mainiacjoe_overflow_brackets, minivault_4,
          grunt_decor_arrowhead, chequers_arboretum
D:10:     layout_roguey, enter_trove_5, uniq_fannar
D:11:     layout_roguey, david_lair_generic, nicolae_ru_awakened_eye,
          uniq_erica, uniq_erolcha
D:12:     layout_roguey, erik_orc_4
D:13:     layout_rooms, hellmonk_vaults_keyhole, serial_shops, shop,
          grunt_gozag_statues
D:14:     layout_cave_pools, nicolae_concentric_dashed_squares_wild,
          minmay_ruined_shrine
D:15:     hangedman_depths_entry_try_elsewhere_first, layout_small_grid,
          lightli_minifort
Lair:1:   layout_layer_cave, gammafunk_ghost_necromancy,
          portal_ice_cave_entry_imps, lemuel_altar_in_water2
Lair:2:   layout_long_grid, basic_altar, guppyfry_lair_drakes
Lair:3:   statuecave_lemuel, layout_cave_pods, swamp_mist, spider_nest_entry_a,
          serial_bayou_pond_e, grunt_megastairs_3, lemuel_fruit_tree,
          infiniplex_staircase_pool_2, serial_bayou_shore_b, uniq_rupert
Lair:4:   layout_regular_city, slime_entry_1, grunt_megastairs_2
Lair:5:   grunt_lair_end_beastmaster, layout_loops_ring, uniq_snorg
Swamp:1:  cheibrodos_swamp_monstrosity, layout_basic_swamp,
          evilmike_swamp_ruin_house_2, infiniplex_staircase_pool, uniq_kirke
Swamp:2:  layout_basic_swamp, wheals_swamp_sinkhole
Swamp:3:  layout_falls_marsh, evilmike_swamp_ruin_house_4, swamp_pool4,
          nicolae_swamp_little_tower
Swamp:4:  swamp_old_school, layout_basic_swamp
Slime:1:  layout_caves
Orc:1:    layout_diamond_mine, basic_altar, mines1_david, uniq_josephine
Orc:2:    st_orc_open, layout_caves, uniq_jorgrun
Elf:1:    elf_arrival_001, layout_loops_corners, serial_shops,
          nicolae_shop_crystal, minmay_elf_crystal_hexagon, grunt_ministairs_4
Elf:2:    nicolae_elf_blades_crystal_corner, layout_gridlike, serial_shops,
          nicolae_shop_trees
Elf:3:    minmay_elf_hall_spiked, layout_geoelf_octagon

Skill      XL: |  1  2  3  4  5  6  7  8  9 10 11 12 13 14 15 16 17 18 19 |
---------------+----------------------------------------------------------+-----
Axes           | 3 4 5 6 7 8 10 12 14 16 17 18 | 18.0
Invocations    | 1 2 4 6 7 8 9 10 | 10.7
Fighting       | 4 5 6 8 10 11 13 14 16 | 16.6
Dodging        | 5 6 8 9 11 12 13 14 15 | 15.3
Shields        | 5 7 9 10 13 16 17 18 19 | 19.0
Ice Magic      | 2 3 |  3.3
Spellcasting   | 2 3 |  3.1
Stealth        | 1 2 3 5 |  5.4

Action                     |  1- 3 |  4- 6 |  7- 9 | 10-12 | 13-15 | 16-18 | 19-21 || total
---------------------------+-------+-------+-------+-------+-------+-------+-------++-------
  Melee: War axe           |    62 |   118 |   261 |       |       |       |       ||   441
         Constrict         |    18 |    33 |    46 |    41 |    94 |   154 |     5 ||   391
         Tentacles         |    11 |    21 |    81 |   132 |   245 |   240 |    38 ||   768
         Punch             |     3 |     2 |     5 |    13 |    22 |    17 |     1 ||    63
         Broad axe         |       |       |       |   534 |   873 |   787 |    93 ||  2287
         Unarmed           |       |       |       |       |       |     2 |       ||     2
  Throw: Dart              |       |       |     4 |     8 |    14 |       |       ||    26
   Cast: Ozocubu's Armour  |       |       |       |       |     3 |       |       ||     3
 Invoke: Upheaval          |       |       |     2 |     2 |     6 |     2 |     5 ||    17
         Elemental Force   |       |       |       |       |     2 |     4 |       ||     6
         Disaster Area     |       |       |       |       |       |     1 |       ||     1
  Evoke: Wand              |       |       |       |    10 |     3 |       |       ||    13
    Use: Potion            |       |       |     2 |     2 |     6 |     3 |     3 ||    16
         Scroll            |       |       |       |    22 |    14 |     7 |       ||    43
   Stab: Sleeping          |     6 |    13 |     7 |       |       |       |       ||    26
         Petrified         |       |       |       |       |     1 |       |       ||     1
         Distracted        |       |       |       |       |       |     1 |       ||     1
         Invisible         |       |       |       |       |       |     4 |     3 ||     7
         Paralysed         |       |       |       |       |       |     2 |       ||     2
 Armour: Skin              |    38 |    55 |   126 |   220 |   339 |   197 |    52 ||  1027
  Dodge: Dodged            |    44 |    61 |   130 |   215 |   332 |   223 |    86 ||  1091
         Repelled          |       |       |       |     1 |     8 |     7 |     1 ||    17
  Block: Buckler           |    10 |    20 |    69 |   239 |   442 |       |       ||   780
         Kite shield       |       |       |       |       |    89 |   506 |    78 ||   673

Table legend: (Time is in decaauts)
 A = Elapsed time spent in this place.
 B = Non-inter-level travel time spent in this place.
 C = Inter-level travel time spent in this place.
 D = Time resting spent in this place.
 E = Time spent auto-exploring this place.
 F = Levels seen in this place.
 G = Mean time per level.
                   A        B        C        D        E       F      G
               +--------+--------+--------+--------+--------+-----+--------+
         Total |  38429 |  36601 |   1828 |  10749 |  19948 |  32 | 1200.9 |
       Dungeon |  18090 |  17006 |   1084 |   4968 |   9266 |  15 | 1206.0 |
          Lair |   7669 |   7367 |    302 |   1796 |   4662 |   5 | 1533.8 |
         Swamp |   2763 |   2683 |     80 |    423 |   1815 |   4 |  690.8 |
    Slime Pits |      1 |      1 |      0 |      0 |      0 |   1 |    1.0 |
  Orcish Mines |   1479 |   1301 |    178 |    248 |    900 |   2 |  739.5 |
   Elven Halls |   6666 |   6483 |    183 |   2787 |   2576 |   3 | 2222.0 |
         Sewer |    742 |    742 |      0 |    320 |    280 |   1 |  742.0 |
      Ice Cave |   1015 |   1015 |      0 |    207 |    449 |   1 | 1015.0 |
               +--------+--------+--------+--------+--------+-----+--------+

Top non-repeatable levels by time:
   Elf:3: 3350 daAuts
    D:12: 2414 daAuts
   Elf:2: 2085 daAuts
  Lair:3: 1835 daAuts
     D:8: 1643 daAuts
  Lair:2: 1592 daAuts
  Lair:5: 1528 daAuts
     D:9: 1423 daAuts
  Lair:4: 1395 daAuts
    D:11: 1338 daAuts
  Lair:1: 1318 daAuts
     D:6: 1282 daAuts
   Elf:1: 1231 daAuts
    D:13: 1167 daAuts
     D:3: 1135 daAuts
